 Dungeon Crawl Stone Soup version 0.14.0-17-gc0b17a5 (webtiles) character file.

109362 MDvedh the Slayer (level 16, -28/183 (184) HPs)
             Began as a Hill Orc Fighter on Apr 19, 2014.
             Was the Champion of Beogh.
             Killed from afar by Mara (illusionary) (52 damage)
             ... with a bolt of fire
             ... on Level 5 of the Spider Nest.
             The game lasted 01:35:42 (31297 turns).

MDvedh the Slayer (Hill Orc Fighter)               Turns: 31297, Time: 01:35:42

HP -28/183 (184) AC 31     Str 31      XL: 16   Next: 44%
MP  14/14        EV  9     Int 12      God: Beogh [******]
Gold 2804        SH  2     Dex 12      Spells:  0 memorised, 15 levels left

rFire  . . .     SeeInvis .     s - +8 battleaxe of the Beginning {chop, rElec rN+}
rCold  + . .     Clarity  .     R - +6 chain mail of Unloh {rPois}
rNeg   + . .     Conserve +     (no shield)
rPois  +         rCorr    .     w - +5 helmet of Truth {Str+3 Dex+2}
rElec  +         rRot     .     t - +0 cloak
SustAb . .       Spirit   .     q - +1 pair of gloves
rMut   .         Warding  .     M - +0 pair of boots
Saprov + . .     Stasis   .     c - amulet of conservation
MR     ++...                    b - ring of sustenance
                                e - ring of protection from cold

@: lethally poisoned, very resistant to hostile enchantments, extremely
unstealthy
A: walk on water, large bone plates 1, clever 2, deformed body, fast metabolism
1, low mp 1, magic resistance 1, poison resistance, robust 1, saprovore 1, spit
poison 1, strong 1
a: Spit Poison, Smiting, Recall Orcish Followers, Renounce Religion


You were on level 5 of the Spider Nest.
You worshipped Beogh.
Beogh was exalted by your worship.
You were hungry.

You visited 4 branches of the dungeon, and saw 32 of its levels.
You also visited: Ossuary.

You collected 3658 gold pieces.
You spent 854 gold pieces at shops.

Inventory:

Hand weapons
 s - the +8,+8 battleaxe of the Beginning (weapon) {chop, rElec rN+}
   (You acquired it on level 5 of the Dungeon)

   It inflicts extra damage upon your enemies.
   It insulates you from electricity.
   It protects you from negative energy.
Armour
 q - a +1 pair of gloves (worn)
 t - a +0 cloak (worn)
 w - the +5 helmet of Truth (worn) {Str+3 Dex+2}
   (You found it on level 1 of the Lair of Beasts)

   It affects your strength (+3).
   It affects your dexterity (+2).
 M - a +0 pair of boots (worn)
 R - the cursed +6 chain mail of Unloh (worn) {rPois}
   (You found it on level 15 of the Dungeon)

   It protects you from poison.
   It has a curse placed upon it.
Magical devices
 f - a wand of heal wounds (4)
 B - a wand of cold (6) {unknown}
 C - a wand of invisibility (6)
 D - a wand of lightning (8)
 F - a wand of digging (13)
 H - a wand of draining (2)
Comestibles
 d - 11 meat rations
 r - an apple
 x - 9 bread rations
 J - a cheese
 Q - a pear
Scrolls
 a - 3 scrolls of blinking
 g - a scroll of immolation
 i - 11 scrolls of teleportation
 j - 2 scrolls of vulnerability
 p - 2 scrolls of enchant weapon I
 u - 2 scrolls of noise
 v - 10 scrolls of identify
 z - 2 scrolls of magic mapping
 E - 5 scrolls of fear
 K - 4 scrolls of recharging
 L - 2 scrolls of enchant weapon II
 P - a scroll of holy word
 S - 3 scrolls of summoning
 T - 12 scrolls of remove curse
 W - a scroll of enchant armour
 Z - a scroll of fog
Jewellery
 b - a ring of sustenance (right hand)
 c - an amulet of conservation (around neck)
 e - a ring of protection from cold (left hand)
 h - an uncursed ring of see invisible
 k - a cursed amulet of resist corrosion
 o - a cursed +4 ring of dexterity
 y - an uncursed ring of invisibility
 A - an uncursed ring of flight
Potions
 l - 21 potions of curing
 m - 2 potions of magic
 n - 2 potions of agility
 G - 5 potions of heal wounds
 I - 2 potions of haste
 N - 6 potions of might
 O - a potion of flight
 U - a potion of porridge
 V - a potion of invisibility
 X - a potion of brilliance
 Y - 3 potions of resistance


   Skills:
 + Level 21.8 Fighting
 - Level 20.8 Axes
 - Level 13.0 Armour
   Level 3.2 Shields


You had 15 spell levels left.
You didn't know any spells.

Dungeon Overview and Level Annotations

Branches:
Dungeon (15/15)            Temple (0/1) D:7             Orc (4/4) D:9
   Lair (8/8) D:10         Shoals (0/5) Lair:5       Spider (5/5) Lair:3
  Slime (0/6) Lair:7       Vaults (0/5) D:14         Depths (0/5) D:15
    Elf: Orc:3-4

Altars:
Ashenzari
Dithmenos
Elyvilon
Nemelex Xobeh
Okawaru
The Shining One
Beogh

Shops:
D:7 (   D:10 }   Orc:4 (?=}%

Annotations:
D:10 exclusion: ice statue
Spider:5 Mara, Nergalle


Innate Abilities, Weirdness & Mutations

You can tolerate rotten meat.
You can walk on water.
You are partially covered in large bone plates (AC +2, SH +2).
Your mind is very acute. (Int +4)
Armour fits poorly on your strangely shaped body.
You have a fast metabolism.
Your magical capacity is low (-10% MP).
You are resistant to hostile enchantments.
Your system is resistant to poisons.
You are robust (+10% HP).
You can spit poison.
Your muscles are strong. (Str +2)


Message History

Unknown command.
The web tears apart.
You feel sick.
Brandogh dies!
Mara blinks!
Mara hits something with a demon blade of venom!
MDvedh's illusion hits Ugbert!
Ugbert dies!
Mara hits you with a demon blade of venom.
* * * LOW HITPOINT WARNING * * *
Mara is surrounded by Orcish apparitions.
Your orc knight throws a dart.
The dart hits Mara.
Unknown command.
You swap places.
You feel sick.
Your orc warrior shoots a bolt.
The bolt hits Mara.
Something closely misses Ogrik.
Ogrik hits Mara with an uncursed great mace!
Mara gestures at you. The bolt of fire hits your orc warrior.
Your orc warrior dies!
The bolt of fire hits you!
You die...

*,,,,****,, ,,,***,,,** *,**,,,,
*,,,,* **,*,,,* *,,,** *,,*,,*,
**,,,,* *** ,,**##,,,***,,,,,**
,+,, ** **,,,*.##,,,,,,,,,,*
,+,,,* * *#^.#,,,,,,,,,** ,+,,,
**,##...##,,,,,,*** ** ,,
####.....#*,*,,,* *,,,*
###.33oo..#* ***,** ,,,*
##..o3o@#*#*,*# *** ***,,*
###..oooo)#.#.(...**** *
*,,*##^#..oo#o@RWR..R..,*,*
***,,##.....Z.###(o)(.(.^,,,**
,**###........#**(W.....,,,,,****
* #.......#.##,,^).....,,,,,,,,*
* #.^..).####,,,....^..,,,,,,,,,
#....o.# **,,..#.^#*,***,,, ,
#...oo## *,,##########, ,,,,,


You could see Mara, MDvedh's illusion, 2 friendly orc knights, the friendly
Ogrik the orc knight (frenzied), the friendly Nergalle, the friendly Learuk the
orc high priest, a friendly sun demon, a friendly spectral orc, 2 friendly chaos
spawn, 4 friendly orc warriors, a friendly orc wizard (frenzied), 2 friendly
orcs and a friendly emperor scorpion zombie.

Vanquished Creatures
  A player illusion (Spider:5)
  2 emperor scorpions
  Gastronok (Lair:1)
  Josephine (D:10)
  An ice dragon (Lair:7)
  3 hydras
  Erica (Lair:2)
  A ravenous feature mimic (Spider:5)
  7 death yaks
  A plague shambler (D:15)
  An orc high priest (Orc:4)
  6 centaur warriors
  A catoblepas (Lair:8)
  An unseen horror (D:15)
  8 hill giants
  6 orb spiders
  A necromancer (D:15)
  A deep troll (Orc:4)
  Joseph (D:7)
  An orc knight (D:15)
  A red wasp (Spider:3)
  A griffon (D:10)
  13 wolf spiders
  2 manticores
  2 cyclopes
  A sixfirhy (Orc:4)
  The ghost of Mandevil the Ruffian, an experienced TrWn of Makhleb (D:5)
  A very ugly thing skeleton (D:15)
  Maurice (D:8)
  A black mamba (Lair:2)
  An item mimic (D:11)
  7 spiny frogs
  3 gargoyles
  3 yaktaurs
  A feature mimic (D:9)
  7 trolls
  3 komodo dragons
  6 demonic crawlers
  2 fire drakes
  A tengu conjurer (D:13)
  7 jumping spiders
  2 polar bears (Lair:7)
  5 two-headed ogres
  A boggart (D:15)
  4 slime creatures
  3 ravens (D:13)
  6 trapdoor spiders
  4 blink frogs
  A grizzly bear (Lair:8)
  3 basilisks
  27 ugly things
  14 redbacks
  6 tarantellas
  6 hungry ghosts
  A vampire (D:12)
  An elephant slug (Lair:3)
  4 sharks
  4 deep elf magi
  A ynoxinul (D:14)
  A fire elemental (D:13)
  7 hippogriffs
  25 yaks
  A warg (Orc:3)
  Sonja (D:15)
  11 wolves
  A centaur simulacrum (D:10)
  10 water moccasins
  2 mottled dragons (D:15)
  3 soldier ants
  5 vampire mosquitoes
  4 porcupines
  3 giant goldfish
  3 ice beasts (D:10)
  A necrophage (D:12)
  A human skeleton (D:15)
  4 orc warriors
  4 spiders
  3 black bears
  3 phantoms (D:9)
  A yellow wasp (Spider:4)
  A manticore zombie (D:10)
  2 sky beasts
  9 centaurs
  13 ogres
  9 crocodiles
  2 manticore skeletons
  A lava worm (D:13)
  A boring beetle (Spider:3)
  2 big kobolds
  10 giant slugs
  2 brain worms
  19 giant frogs
  Blork the orc (D:6)
  A yaktaur skeleton (D:15)
  A gnoll sergeant (D:6)
  2 wyvern skeletons
  4 eyes of draining
  7 scorpions
  5 wights
  A troll zombie (D:9)
  2 hippogriff zombies
  4 killer bees (D:11)
  2 troll skeletons
  3 centaur zombies (Ossuary)
  3 crimson imps
  7 goliath beetles
  A giant frog zombie (D:7)
  2 jellies
  12 hounds
  5 orc priests
  6 orc wizards
  A kobold zombie (D:15)
  5 worker ants
  A centaur skeleton (D:10)
  8 iguanas
  An elf skeleton (D:13)
  15 sheep
  A killer bee zombie (D:11)
  A sky beast zombie (D:10)
  2 big kobold zombies (Ossuary)
  5 ogre zombies (D:9)
  An ogre skeleton (D:9)
  6 mummies
  A hound skeleton (D:10)
  9 gnolls
  30 green rats
  18 adders
  4 shadow imps
  4 giant mites
  13 worms
  An adder zombie (D:9)
  2 adder skeletons
  3 giant eyeballs
  13 giant geckos
  25 orcs
  9 giant cockroaches
  19 goblins
  16 hobgoblins
  25 jackals
  21 kobolds
  11 quokkas
  2 ball pythons
  19 bats
  5 giant newts
  2 goblin skeletons (D:9)
  2 hobgoblin skeletons (D:4)
  3 hobgoblin zombies
  3 orc skeletons (D:9)
  14 orc zombies (D:9)
  12 rats
  4 ballistomycetes
  A bush (Lair:5)
  18 fungi
  5 plants
799 creatures vanquished.

Vanquished Creatures (collateral kills)
  Rupert (D:14)
  A yaktaur captain (D:14)
  Fannar (Lair:2)
  5 hydras
  2 ogre magi (Orc:4)
  A deep troll shaman (Lair:8)
  A catoblepas (Lair:7)
  An unseen horror (D:14)
  2 centaur warriors (D:15)
  2 death yaks
  A skeletal warrior (D:15)
  A manticore (D:12)
  A deep troll (Orc:4)
  7 orb spiders
  3 orc priests
  Erolcha (D:12)
  A flayed ghost (D:15)
  14 wolf spiders
  4 hill giants
  2 griffons (Lair:7)
  An oklob plant (Lair:6)
  4 cyclopes
  3 elephants (Lair:8)
  2 spiny frogs
  5 black mambas
  8 demonic crawlers
  An iron troll zombie (D:15)
  2 fire drakes
  2 komodo dragons
  7 trolls
  6 jumping spiders
  2 yaktaurs
  A polar bear (Lair:7)
  A boulder beetle (Lair:3)
  2 boggarts (D:15)
  2 slime creatures (D:11)
  9 two-headed ogres
  9 blink frogs
  A basilisk (Lair:5)
  2 sharks (Spider:2)
  A vampire mosquito (D:15)
  11 redbacks
  7 ugly things
  2 wyverns
  A deep elf mage (D:14)
  5 tarantellas
  6 trapdoor spiders
  5 hippogriffs
  2 wargs
  A hungry ghost (D:15)
  7 wolves
  5 water moccasins
  A mottled dragon (D:14)
  11 yaks
  3 orc warriors
  A porcupine (Lair:6)
  4 spiders
  A black bear (Lair:8)
  12 ogres
  A boring beetle (Lair:7)
  An ice beast (D:15)
  2 lava worms (Lair:8)
  3 brain worms
  3 giant slugs
  A yaktaur zombie (D:14)
  5 crocodiles
  5 giant frogs
  An eye of draining (D:13)
  A wight (D:12)
  A killer bee (D:11)
  2 electric eels
  2 jellies
  A goliath beetle (D:14)
  2 crimson imps
  3 centaur zombies
  A lava snake (Lair:8)
  5 orc wizards (Orc:4)
  An iguana (Lair:4)
  2 sheep (D:13)
  A mummy (D:14)
  4 adders
  13 green rats
  4 shadow imps
  2 giant mites
  15 orcs
  2 giant cockroaches (Lair:3)
  5 goblins
  4 kobolds (D:11)
  5 quokkas
  4 bats
  6 jackals
  2 rats
  3 fungi
  4 plants
325 creatures vanquished.

Vanquished Creatures (others)
  An orc high priest (D:12)
  21 orc priests
  3 orc knights
  A wolf spider zombie (Spider:5)
  A sixfirhy (Lair:8)
  3 orc sorcerers
  An orange demon (Orc:4)
  A red devil (Orc:4)
  A trapdoor spider zombie (Spider:3)
  An orb spider zombie (Spider:5)
  15 orc warriors
  A blink frog zombie (Lair:7)
  A yaktaur zombie (D:14)
  A giant slug zombie (Lair:7)
  A troll skeleton (D:15)
  A wolf zombie (Lair:7)
  A crimson imp (D:14)
  An iguana (Lair:2)
  8 orc wizards
  An ogre zombie (Orc:4)
  A goliath beetle zombie (D:14)
  An ufetubus (Spider:4)
  2 orc zombies (D:15)
  59 orcs
  A giant cockroach (Lair:3)
  2 giant spores
  18 spectral orcs
149 creatures vanquished.

Grand Total: 1273 creatures vanquished

Notes
Turn   | Place    | Note
--------------------------------------------------------------
     0 | D:1      | MDvedh, the Hill Orc Fighter, began the quest for the Orb.
     0 | D:1      | Reached XP level 1. HP: 19/19 MP: 1/1
    67 | D:1      | Reached XP level 2. HP: 19/26 MP: 2/2
   253 | D:1      | Reached skill level 4 in Axes
   475 | D:1      | Reached XP level 3. HP: 31/31 MP: 3/3
   597 | D:1      | Found a glowing golden altar of the Shining One.
   890 | D:2      | Reached skill level 5 in Axes
   904 | D:2      | Reached XP level 4. HP: 5/39 MP: 4/4
  1206 | D:2      | Reached skill level 6 in Axes
  1631 | D:2      | Found a shattered altar of Ashenzari.
  1676 | D:2      | Reached XP level 5. HP: 42/45 MP: 5/5
  2047 | D:3      | Reached skill level 7 in Axes
  2090 | D:3      | Found an iron altar of Okawaru.
  2165 | D:3      | Found a white marble altar of Elyvilon.
  2737 | D:4      | Noticed an ogre
  2742 | D:4      | Killed an ogre
  2742 | D:4      | Reached skill level 8 in Axes
  2742 | D:4      | Reached XP level 6. HP: 51/51 MP: 6/6
  3178 | D:4      | Reached skill level 9 in Axes
  3792 | D:4      | Noticed an ogre
  3798 | D:4      | Killed an ogre
  3798 | D:4      | Reached XP level 7. HP: 25/57 MP: 7/7
  4015 | D:4      | Reached skill level 10 in Axes
  4044 | D:4      | Noticed an ogre
  4053 | D:4      | Killed an ogre
  4340 | D:5      | Entered Level 5 of the Dungeon
  4340 | D:5      | Noticed Mandevil's ghost (experienced TrWn)
  4352 | D:5      | Killed Mandevil's ghost
  4352 | D:5      | Reached skill level 11 in Axes
  4352 | D:5      | Reached XP level 8. HP: 53/64 MP: 8/8
  4490 | D:5      | Reached skill level 12 in Axes
  5208 | D:5      | Identified a scroll of acquirement
  5209 | D:5      | Got a twisted battleaxe
  5229 | D:5      | Identified the +8,+8 battleaxe of the Beginning {chop, rElec rN+} (You acquired it on level 5 of the Dungeon)
  5324 | D:6      | Found a shadowy altar of Dithmenos.
  5417 | D:6      | Noticed Blork the orc
  5421 | D:6      | Killed Blork the orc
  5544 | D:6      | Became a worshipper of Beogh the Brigand
  5585 | D:6      | Reached skill level 13 in Axes
  6000 | D:6      | Reached skill level 14 in Axes
  6000 | D:6      | Reached XP level 9. HP: 62/70 MP: 9/9
  6097 | D:7      | Noticed Joseph
  6429 | D:7      | Killed Joseph
  6429 | D:7      | Reached skill level 15 in Axes
  6825 | D:7      | Found a sparkling altar of Nemelex Xobeh.
  6850 | D:7      | Found Haellail's Antique Weapon Emporium.
  6868 | D:7      | Found a staircase to the Ecumenical Temple.
  7441 | D:8      | Found a sand-covered staircase.
  7451 | Ossuary  | Entered an ossuary
  7869 | Ossuary  | Acquired Beogh's first power
  8035 | D:8      | Noticed Maurice
  8054 | D:8      | Killed Maurice
  8054 | D:8      | Reached skill level 16 in Axes
  8096 | D:8      | Paralysed by a giant eyeball for 3 turns
  8102 | D:8      | Gained mutation: Your system is resistant to poisons. [potion of mutation]
  8102 | D:8      | Gained mutation: Armour fits poorly on your strangely shaped body. [potion of mutation]
  8102 | D:8      | Gained mutation: Your magical capacity is low (-10% MP). [potion of mutation]
  8103 | D:8      | Gained mutation: Your mind is acute. (Int +2) [potion of mutation]
  8103 | D:8      | Gained mutation: You are partially covered in large bone plates (AC +2, SH +2). [potion of mutation]
  8103 | D:8      | Gained mutation: Your mind is very acute. (Int +4) [potion of mutation]
  8104 | D:8      | Gained mutation: You have a fast metabolism. [potion of mutation]
  8104 | D:8      | Gained mutation: You can spit poison. [potion of mutation]
  8106 | D:8      | Gained mutation: You are resistant to hostile enchantments. [potion of mutation]
  8106 | D:8      | Gained mutation: You are robust (+10% HP). [potion of mutation]
  8106 | D:8      | Lost mutation: You are resistant to hostile enchantments. [potion of mutation]
  8222 | D:8      | Paralysed by a potion of paralysis for 7 turns
  8544 | D:9      | Found a staircase to the Orcish Mines.
  8551 | D:9      | Reached XP level 10. HP: 67/84 MP: 9/9
  8571 | D:9      | Acquired Beogh's second power
  8572 | D:9      | Reached skill level 17 in Axes
  9307 | D:9      | Reached skill level 18 in Axes
  9309 | D:9      | Acquired Beogh's third power
  9781 | D:10     | Entered Level 10 of the Dungeon
  9841 | D:10     | Noticed a centaur warrior
  9841 | D:10     | Noticed a hill giant
  9841 | D:10     | Noticed a hill giant
  9841 | D:10     | Noticed a griffon
  9927 | D:10     | Noticed a hill giant
  9936 | D:10     | Killed a hill giant
  9936 | D:10     | Reached skill level 19 in Axes
  9939 | D:10     | Noticed Josephine
 10661 | D:10     | Reached XP level 11. HP: 72/90 MP: 9/9
 10960 | D:10     | Noticed a hill giant
 10965 | D:10     | Killed a hill giant
 11098 | D:10     | Found a staircase to the Lair.
 11191 | D:10     | Found Cairr's Gadget Shoppe.
 11247 | D:10     | Killed Josephine
 11247 | D:10     | Reached skill level 20 in Axes
 11403 | D:10     | Noticed an ice statue
 11633 | Lair:1   | Entered Level 1 of the Lair of Beasts
 11633 | Lair:1   | Noticed Gastronok
 11663 | Lair:1   | Killed Gastronok
 11879 | Lair:1   | Acquired Beogh's fourth power
 11894 | Lair:1   | Gained Bogwald as an ally
 12103 | Lair:1   | Reached skill level 5 in Armour
 12404 | Lair:1   | Got a brightly glowing helmet
 12408 | Lair:1   | Identified the +5 helmet of Truth {Str+3 Dex+2} (You found it on level 1 of the Lair of Beasts)
 12889 | Lair:2   | Reached XP level 12. HP: 79/99 MP: 8/10
 13053 | Lair:2   | Noticed Nergalle
 13205 | Lair:2   | Noticed Erica
 13214 | Lair:2   | Killed Erica
 13333 | Lair:2   | Acquired Beogh's fifth power
 13350 | Lair:2   | Noticed Fannar
 13372 | Lair:2   | Killed Fannar
 13429 | Lair:2   | Reached skill level 10 in Armour
 14143 | Lair:3   | Noticed a death yak
 14144 | Lair:3   | Noticed a death yak
 14145 | Lair:3   | Noticed a death yak
 14152 | Lair:3   | Killed a death yak
 14152 | Lair:3   | Killed a death yak
 14155 | Lair:3   | Killed a death yak
 14233 | Lair:3   | Found a hole to the Spider Nest.
 15253 | Lair:4   | Noticed a four-headed hydra
 15264 | Lair:4   | Your ally Bogwald died
 15265 | Lair:4   | Killed a nine-headed hydra
 16040 | Lair:5   | Gained Boldo as an ally
 16139 | Lair:5   | Reached XP level 13. HP: 103/105 MP: 11/11
 16243 | Lair:5   | Noticed a death yak
 16245 | Lair:5   | Noticed a death yak
 16245 | Lair:5   | Noticed a death yak
 16250 | Lair:5   | Killed a death yak
 16250 | Lair:5   | Reached skill level 5 in Fighting
 16254 | Lair:5   | Killed a death yak
 16259 | Lair:5   | Killed a death yak
 16350 | Lair:5   | Found a staircase to the Shoals.
 17503 | Lair:7   | Reached skill level 10 in Fighting
 18079 | Lair:7   | Found an iron altar of Okawaru.
 18168 | Lair:7   | Found a frozen archway.
 18174 | Lair:7   | Gained Ugbert as an ally
 18573 | Lair:7   | Found a staircase to the Slime Pits.
 18616 | Lair:8   | Entered Level 8 of the Lair of Beasts
 18845 | Lair:8   | Reached XP level 14. HP: 53/141 MP: 12/12
 18846 | Lair:8   | Your ally orc warrior died
 20347 | Orc:1    | Entered Level 1 of the Orcish Mines
 20639 | Orc:2    | Gained Blodwig as an ally
 20644 | Orc:2    | Your ally Blodwig died
 21276 | Orc:4    | Entered Level 4 of the Orcish Mines
 21377 | Orc:4    | Found a roughly hewn altar of Beogh.
 21651 | Orc:4    | Found Saley's Gadget Boutique.
 21655 | Orc:4    | Found Braxeoha's Magic Scroll Shop.
 21659 | Orc:4    | Your ally orc warrior died
 21664 | Orc:4    | Gained Ogrik as an ally
 21673 | Orc:4    | Reached skill level 15 in Fighting
 21686 | Orc:4    | Your ally orc warrior died
 21686 | Orc:4    | Your ally orc warrior died
 21687 | Orc:4    | Found Straigru's Food Shoppe.
 21701 | Orc:4    | Found Buomoo's Jewellery Boutique.
 21702 | Orc:4    | Paralysed by an ogre mage for 2 turns
 21875 | Orc:4    | Bought a scroll of teleportation for 45 gold pieces
 21875 | Orc:4    | Bought a scroll of blinking for 112 gold pieces
 21875 | Orc:4    | Bought a scroll of blinking for 112 gold pieces
 21875 | Orc:4    | Bought a scroll of identify for 30 gold pieces
 21875 | Orc:4    | Bought a scroll of remove curse for 45 gold pieces
 21875 | Orc:4    | Bought a scroll of identify for 30 gold pieces
 21875 | Orc:4    | Bought a scroll of identify for 30 gold pieces
 21875 | Orc:4    | Bought a scroll of identify for 30 gold pieces
 21906 | Orc:4    | Bought an uncursed amulet of conservation for 420 gold pieces
 21982 | Orc:4    | Found Yqeapeih's Weapon Shop.
 22263 | D:10     | Killed a centaur warrior
 22269 | D:10     | Killed a hill giant
 22269 | D:10     | Gained Dorog as an ally
 22272 | D:10     | Killed a hill giant
 22275 | D:10     | Killed a griffon
 22282 | D:10     | Gained mutation: You are resistant to hostile enchantments. [potion of mutation]
 22282 | D:10     | Gained mutation: Your muscles are strong. (Str +2) [potion of mutation]
 22613 | D:11     | Gained Learuk as an ally
 23179 | D:12     | Noticed Erolcha
 23184 | D:12     | Killed Erolcha
 23342 | D:12     | Paralysed by a giant eyeball for 3 turns
 23538 | D:12     | Gained Oreg as an ally
 23586 | D:12     | Your ally Boldo died
 23592 | D:12     | Your ally Dorog died
 24059 | D:13     | Gained Norbak as an ally
 24154 | D:13     | Reached XP level 15. HP: 158/161 MP: 13/13
 24217 | D:13     | Gained Brunolf as an ally
 24264 | D:13     | Gained Brandogh as an ally
 24344 | D:13     | Gained Nordag as an ally
 24346 | D:13     | Gained Syrus as an ally
 25034 | D:14     | Noticed Rupert
 25044 | D:14     | Your ally Brunolf died
 25045 | D:14     | Killed Rupert
 25470 | D:14     | Gained Worak as an ally
 25591 | D:14     | Your ally orc warrior died
 25599 | D:14     | Found a gate to the Vaults.
 25623 | D:14     | Your ally orc warrior died
 26131 | D:15     | Entered Level 15 of the Dungeon
 26163 | D:15     | Gained Blodwig as an ally
 26196 | D:15     | Got a brightly glowing chain mail
 26216 | D:15     | Identified the cursed +6 chain mail of Unloh {rPois} (You found it on level 15 of the Dungeon)
 26271 | D:15     | Noticed Sonja
 26281 | D:15     | Killed Sonja
 26381 | D:15     | Gained Warrok as an ally
 26738 | D:15     | Got an encrusted scale mail
 26739 | D:15     | Identified the +2 scale mail of Yqotzaj {+Blink} (You found it on level 15 of the Dungeon)
 26773 | D:15     | Gained Wulfoc as an ally
 26784 | D:15     | Found a staircase to the Depths.
 26816 | D:15     | Gained Worak as an ally
 27875 | Spider:1 | Entered Level 1 of the Spider Nest
 27932 | Spider:1 | Gained Learuk as an ally
 28703 | Spider:2 | Your ally Oreg died
 28705 | Spider:2 | Gained Ogrik as an ally
 28708 | Spider:2 | Your ally orc warrior died
 28820 | Spider:2 | Your ally Wulfoc died
 28823 | Spider:2 | Your ally Worak died
 29062 | Spider:2 | Reached XP level 16. HP: 146/180 MP: 14/14
 29402 | Spider:3 | Your ally Norbak died
 29716 | Spider:3 | Your ally Ogrik died
 30058 | Spider:3 | Reached skill level 21 in Fighting
 30987 | Spider:5 | Entered Level 5 of the Spider Nest
 31261 | Spider:5 | Noticed Mara
 31264 | Spider:5 | Noticed MDvedh's illusion
 31272 | Spider:5 | Your ally Nordag died
 31275 | Spider:5 | Your ally Syrus died
 31279 | Spider:5 | Your ally Learuk died
 31279 | Spider:5 | Your ally Worak died
 31285 | Spider:5 | Your ally Warrok died
 31286 | Spider:5 | Killed MDvedh's illusion
 31287 | Spider:5 | Noticed MDvedh's illusion
 31293 | Spider:5 | Your ally Brandogh died
 31296 | Spider:5 | Your ally Ugbert died
 31297 | Spider:5 | Killed from afar by Mara (illusionary)

Action                   |  1- 3 |  4- 6 |  7- 9 | 10-12 | 13-15 | 16-18 || total
-------------------------+-------+-------+-------+-------+-------+-------++-------
Melee: War axe           |    95 |   189 |   260 |       |       |       ||   544
       Broad axe         |       |       |    60 |   292 |       |       ||   352
       Battleaxe         |       |       |       |   296 |   788 |   137 ||  1221
       Scimitar          |       |       |       |       |     8 |       ||     8
Invok: Convert to Beogh  |       |       |     1 |       |       |       ||     1
       Recall Orcish Fol |       |       |       |     8 |    24 |     5 ||    37
       Smiting           |       |       |       |     1 |       |       ||     1
Evoke: Wand              |       |     1 |     2 |     5 |    11 |       ||    19
  Use: Potion            |     1 |     1 |     7 |     2 |     2 |     1 ||    14
       Scroll            |       |     4 |    21 |     5 |     6 |     6 ||    42
 Stab: Distracted        |       |       |       |     4 |    19 |    13 ||    36
       Paralysed         |       |       |       |       |     6 |     1 ||     7
       Confused          |       |       |       |       |     1 |       ||     1
